 Dungeon Sprint DCSS version 0.21.2 (webtiles) character file.

30 Fang the Skirmisher (level 3, -3/26 HPs)
             Began as a Gargoyle Berserker on Oct 16, 2018.
             Was an Elder of Trog.
             Killed from afar by a deep elf mage (8 damage)
             ... with a bolt of lightning
             ... in the Dungeon (Sprint VII: "The Pits").
             The game lasted 00:01:54 (545 turns).

Fang the Skirmisher (Gargoyle Berserker)             Turns: 545, Time: 00:01:55

Health: -3/26      AC: 15    Str: 21    XL:     3   Next: 20%
Magic:  3/3        EV:  8    Int:  7    God:    Trog [****..]
Gold:   0          SH:  0    Dex:  9    Spells: 2/2 levels left

rFire    . . .     SeeInvis .   m - +2 hand axe (freeze)
rCold    . . .     Gourm    .   (no shield)
rNeg     + . .     Faith    .   n - +3 chain mail
rPois    ∞         Spirit   .   (no helmet)
rElec    +         Reflect  .   (no cloak)
rCorr    .         Harm     .   (no gloves)
MR       .....     NoTele   +   (no boots)
Stlth    ..........             (no amulet)
HPRegen  0.08/turn              (no ring)
MPRegen  0.08/turn              (no ring)

@: berserk cooldown, slowed, very slow
A: negative energy resistance 1, electricity resistance, unbreathing,
petrification resistance, rot immunity, AC +3
a: Berserk, Trog's Hand, Brothers in Arms, Burn Spellbooks, Renounce Religion


You were in the Dungeon.
You worshipped Trog.
Trog was greatly pleased with you.
You were not hungry.

You visited 1 branch

Inventory:

Hand Weapons
 j - a +2 hand axe
 m - a +2 hand axe of freezing (weapon)
Armour
 n - a +3 chain mail (worn)
Scrolls
 i - a scroll of blinking
 k - 3 scrolls of remove curse
 l - a scroll of summoning
Potions
 a - 2 potions of invisibility
 d - 6 potions of curing
 e - 6 potions of heal wounds
 f - a potion of haste
 g - 4 potions of magic
 h - 3 potions of berserk rage
Comestibles
 c - 9 rations


   Skills:
 + Level 5.1 Fighting
 + Level 4.6 Axes
 + Level 2.8 Armour
 + Level 2.2 Dodging


You had 2 spell levels left.
You didn't know any spells.

Dungeon Overview and Level Annotations

Branches:
Dungeon (1/1)

Altars:
Cheibriados
Dithmenos
Elyvilon
Fedhas
Gozag
Hepliaklqana
Makhleb
Nemelex Xobeh
Okawaru
Qazlal
Ru
Sif Muna
Trog
Vehumet
Wu Jian
Xom
Yredelemnul
Zin
The Shining One
Beogh
Jiyva
Lugonu


Innate Abilities, Weirdness & Mutations

You are resistant to torment.
Your stone body is resilient. (AC +3)
You are immune to poison.
You resist negative energy. (rN+)
You are resistant to electric shocks. (rElec)
You can survive without breathing.
You are immune to petrification.
You are immune to rotting.


Message History

Unknown command.
You closely miss the flying skull.
The flying skull is heavily damaged.
You miss the deep elf mage.
The flying skull hits you but does no damage. x2
The wight hits you from afar with a halberd.
* * * LOW HITPOINT WARNING * * *
The deep elf mage hits you but does no damage.
You hit the flying skull but do no damage.
The flying skull is heavily damaged.
You hit the deep elf mage. You freeze the deep elf mage.
The flying skull hits you but does no damage.
The flying skull closely misses you. The wight closely misses you.
The deep elf mage mumbles some strange words.
The deep elf mage blinks!
The flying skull hits you but does no damage.
The wight completely misses you. The deep elf mage casts a spell at you.
The bolt of lightning hits you! You resist.
You die...

#.#..#...#.#####'#
#.#..#####.##.....
#.#..'...#.##.....
#.#.)'...'.##.....
#.#..########...<.
#.#..'[.)).##.....
#.#..#[))).##.....
#'###########.....
#@ezS...# ######
#z###z..# #.# .#
#z# #g. #.. #...
####


You could see a deep elf mage, a water moccasin, a flying skull, 3 wights and a
goblin.

Vanquished Creatures
  A river rat (D)
  2 ufetubi (D)
  3 giant cockroaches (D)
  A hobgoblin (D)
  3 jackals (D)
  A quokka zombie (D)
11 creatures vanquished.

Notes
Turn   | Place    | Note
-------+----------+-------------------------------------------
     0 | D        | Fang the Gargoyle Berserker began the quest for the Orb.
     0 | D        | Reached XP level 1. HP: 14/14 MP: 1/1
    25 | D        | Reached ** piety under Trog
    25 | D        | Reached skill level 4 in Fighting
    83 | D        | Found a bloodstained altar of Trog.
    83 | D        | Found a deep blue altar of Sif Muna.
    83 | D        | Found a viscous altar of Jiyva.
    83 | D        | Found a hazy altar of Hepliaklqana.
    83 | D        | Found an opulent altar of Gozag.
    84 | D        | Found a glowing golden altar of the Shining One.
    84 | D        | Found a glowing silver altar of Zin.
    84 | D        | Found a basalt altar of Yredelemnul.
    84 | D        | Found a shimmering altar of Xom.
    84 | D        | Found an ornate altar of the Wu Jian Council.
    84 | D        | Found a sacrificial altar of Ru.
    84 | D        | Found a stormy altar of Qazlal.
    84 | D        | Found an iron altar of Okawaru.
    84 | D        | Found a sparkling altar of Nemelex Xobeh.
    84 | D        | Found a burning altar of Makhleb.
    84 | D        | Found a blossoming altar of Fedhas.
    84 | D        | Found a white marble altar of Elyvilon.
    84 | D        | Found a shadowy altar of Dithmenos.
    84 | D        | Found a snail-covered altar of Cheibriados.
    86 | D        | Found a radiant altar of Vehumet.
    86 | D        | Found a corrupted altar of Lugonu.
    86 | D        | Found a roughly hewn altar of Beogh.
   130 | D        | Reached XP level 2. HP: 15/20 MP: 2/2
   290 | D        | Reached *** piety under Trog
   300 | D        | Reached skill level 5 in Fighting
   300 | D        | Reached XP level 3. HP: 13/26 MP: 3/3
   303 | D        | Reached **** piety under Trog
   528 | D        | Noticed a deep elf mage
   528 | D        | Noticed a flying skull
   536 | D        | Noticed a water moccasin
   545 | D        | Killed from afar by a deep elf mage

Skill      XL: |  1  2 |
---------------+-------+-----
Axes           | 3 4 |  4.6
Fighting       | 4 5 |  5.1
Dodging        | 2 |  2.2
Armour         | |  2.8

Action                   || total
-------------------------++-------
Melee: Hand axe          ||    51
Invok: Berserk           ||     1
Armor: Animal skin       ||    16
       Chain mail        ||    19
Dodge: Dodged            ||    56
